ORI
UNIVERSITY OF GEORGIA BULLDOGS @ UNIVERSITY OF MAINE BLACK BEARS
09/25/2047
 
TOP OF THE 1ST
University of Georgia Bulldogs batting - Pitching for University of Maine Black Bears : RHP Noah Johnson
Pitching: RHP Noah Johnson
Batting: LHB Bryan Ross 0-0: Ball
1-0: Ground out 4-3 (Groundball, 4, EV 91.2 MPH)
Batting: LHB Casey Bass 0-0: Foul Ball, location: 2F
0-1: Fly out, F6 (Line Drive, 6, EV 60.0 MPH)
Batting: RHB Pat Svenson 0-0: Called Strike
0-1: Called Strike
0-2: Foul Ball, location: 2F
0-2: Ball
1-2: Strikes out swinging
Top of the 1st over - 0 runs, 0 hits, 0 errors, 0 left on base; University of Georgia 0 - University of Maine 0
BOTTOM OF THE 1ST
University of Maine Black Bears batting - Pitching for University of Georgia Bulldogs : LHP Bill McIntyre
Pitching: LHP Bill McIntyre
Batting: RHB Justin Degon 0-0: Ball
1-0: Ground out 6-3 (Groundball, 6, EV 106.9 MPH)
Batting: SHB Ron Handford 0-0: Called Strike
0-1: Ball
1-1: Foul Ball, location: 2F
1-2: Foul Ball, location: 2F
1-2: Fly out, F9 (Flyball, 89S, EV 85.0 MPH)
Batting: RHB Geoffrey Potter 0-0: SINGLE (Flyball, 7LS, EV 94.4 MPH)
Batting: RHB Geoffrey Gonzalez 0-0: Fielders Choice at 2nd, 6-4 (Groundball, 6, EV 91.2 MPH)
Bottom of the 1st over - 0 runs, 1 hit, 0 errors, 1 left on base; University of Georgia 0 - University of Maine 0
TOP OF THE 2ND
University of Georgia Bulldogs batting - Pitching for University of Maine Black Bears : RHP Noah Johnson
Batting: RHB Rodolfo Solis 0-0: Swinging Strike
0-1: Ball
1-1: Ball
2-1: Swinging Strike
2-2: Foul Ball, location: 2F
2-2: Foul Ball, location: 2F
2-2: Strikes out swinging
Batting: LHB Luis Mejia 0-0: Called Strike
0-1: Foul Ball, location: 2F
0-2: Ball
1-2: Foul Ball, location: 2F
1-2: Foul Ball, location: 2F
1-2: Foul Ball, location: 2F
1-2: Foul Ball, location: 2F
1-2: Foul Ball, location: 2F
1-2: Ball
2-2: Ball
3-2: Foul Ball, location: 2F
3-2: Foul Ball, location: 2F
3-2: Fly out, F9 (Flyball, 9LS, EV 90.6 MPH)
Batting: RHB Rich Gold 0-0: Ball
1-0: Ball
2-0: Called Strike
2-1: Fly out, F8 (Flyball, 8RS, EV 85.0 MPH)
Top of the 2nd over - 0 runs, 0 hits, 0 errors, 0 left on base; University of Georgia 0 - University of Maine 0
BOTTOM OF THE 2ND
University of Maine Black Bears batting - Pitching for University of Georgia Bulldogs : LHP Bill McIntyre
Batting: LHB Ed Leighton 0-0: Called Strike
0-1: Foul Ball, location: 2F
0-2: Strikes out swinging
Batting: RHB Rewa Havika 0-0: Ball
1-0: Ball
2-0: Fly out, F8 (Flyball, 8RD, EV 98.8 MPH)
Batting: LHB John Bergeron 0-0: Ball
1-0: Ball
2-0: Swinging Strike
2-1: Ball
3-1: Swinging Strike
3-2: Strikes out swinging
Bottom of the 2nd over - 0 runs, 0 hits, 0 errors, 0 left on base; University of Georgia 0 - University of Maine 0
TOP OF THE 3RD
University of Georgia Bulldogs batting - Pitching for University of Maine Black Bears : RHP Noah Johnson
Batting: RHB Ed Howard 0-0: Foul Ball, location: 2F
0-1: DOUBLE (Flyball, 8LXD, EV 94.4 MPH)
Batting: RHB Albert Rodriguez 0-0: Ball
1-0: Ball
2-0: Ball
3-0: Called Strike
3-1: Swinging Strike
3-2: Ground out U3 (Groundball, 3S, EV 87.5 MPH)
Ed Howard to third
Batting: RHB Murilo Cunha 0-0: Foul Ball, location: 2F
0-1: Ball
1-1: Ball
2-1: Fly out, F8 (Line Drive, 89M, EV 90.0 MPH)
Runner from 3rd tags up, SCORES, throw by CF
Batting: LHB Bryan Ross 0-0: Called Strike
0-1: Ball
1-1: Foul Ball, location: 2F
1-2: Ball
2-2: Ball
3-2: DOUBLE (Line Drive, 78D, EV 100.0 MPH)
Batting: LHB Casey Bass 0-0: Ball
1-0: Foul Ball, location: 2F
1-1: Ball
2-1: SINGLE (Line Drive, 9LS, EV 91.2 MPH)
Bryan Ross to third
Runner from 3rd tries for Home, SAFE, throw by RF to home
Casey Bass to second
Batting: RHB Pat Svenson 0-0: Ball
1-0: Foul Ball, location: 2F
1-1: Swinging Strike
1-2: Foul Ball, location: 2F
1-2: Foul Ball, location: 2F
1-2: Strikes out swinging
Top of the 3rd over - 2 runs, 3 hits, 0 errors, 1 left on base; University of Georgia 2 - University of Maine 0
BOTTOM OF THE 3RD
University of Maine Black Bears batting - Pitching for University of Georgia Bulldogs : LHP Bill McIntyre
Batting: RHB Frank Gould 0-0: Ball
1-0: Foul Ball, location: 2F
1-1: Foul Ball, location: 2F
1-2: Foul Ball, location: 2F
1-2: Ball
2-2: Foul Ball, location: 2F
2-2: SINGLE (Groundball, 6S, EV 99.4 MPH)
Batting: RHB Wang Huan 0-0: Ball
1-0: Foul Ball, location: 2F
1-1: Swinging Strike
Frank Gould is caught stealing 2nd base 2-4
1-2: Fly out, F2 (Popup, 2R, EV 96.9 MPH)
Batting: RHB Justin Degon 0-0: Foul Ball, location: 2F
0-1: Ball
1-1: Called Strike
1-2: Ground out 3-1 (Groundball, 34, EV 79.4 MPH)
Bottom of the 3rd over - 0 runs, 1 hit, 0 errors, 0 left on base; University of Georgia 2 - University of Maine 0
TOP OF THE 4TH
University of Georgia Bulldogs batting - Pitching for University of Maine Black Bears : RHP Noah Johnson
Batting: RHB Rodolfo Solis 0-0: Called Strike
0-1: Swinging Strike
0-2: Ball
1-2: DOUBLE (Line Drive, 8RXD, EV 103.8 MPH)
Batting: LHB Luis Mejia 0-0: Ball
1-0: Ground out 3-1 (Groundball, 34, EV 101.9 MPH)
Rodolfo Solis to third
Batting: RHB Rich Gold 0-0: Foul Ball, location: 2F
0-1: Ball
1-1: Foul Ball, location: 2F
1-2: Ground out 5-3 (Groundball, 5S, EV 77.5 MPH)
Batting: RHB Ed Howard 0-0: Fly out, F8 (Flyball, 8RD, EV 81.2 MPH)
Top of the 4th over - 0 runs, 1 hit, 0 errors, 1 left on base; University of Georgia 2 - University of Maine 0
BOTTOM OF THE 4TH
University of Maine Black Bears batting - Pitching for University of Georgia Bulldogs : LHP Bill McIntyre
Batting: SHB Ron Handford 0-0: Ground out 1-3 (Groundball, 13S, EV 64.4 MPH)
Batting: RHB Geoffrey Potter 0-0: SINGLE (Groundball, 6MD, EV 104.4 MPH)
Batting: RHB Geoffrey Gonzalez 0-0: Ball
1-0: Ball
2-0: Ball
3-0: Called Strike
3-1: Base on Balls
Geoffrey Potter to second
Batting: LHB Ed Leighton 0-0: SINGLE (Groundball, P, EV 87.5 MPH) (infield hit)
Geoffrey Potter to third
Geoffrey Gonzalez to second
Batting: RHB Rewa Havika 0-0: Ball
1-0: Called Strike
1-1: Called Strike
1-2: Strikes out swinging
Batting: LHB John Bergeron 0-0: Ball
1-0: Called Strike
1-1: Ball
2-1: Foul Ball, location: 2F
2-2: Fielders Choice at 2nd, 5-4 (Groundball, 5L, EV 96.2 MPH)
Bottom of the 4th over - 0 runs, 2 hits, 0 errors, 3 left on base; University of Georgia 2 - University of Maine 0
TOP OF THE 5TH
University of Georgia Bulldogs batting - Pitching for University of Maine Black Bears : RHP Noah Johnson
Batting: RHB Albert Rodriguez 0-0: Ground out 6-3 (Groundball, 4MS, EV 86.2 MPH)
Batting: RHB Murilo Cunha 0-0: Ball
1-0: Ball
2-0: Foul Ball, location: 2F
2-1: Swinging Strike
2-2: Foul Ball, location: 2F
2-2: Strikes out swinging
Batting: LHB Bryan Ross 0-0: Called Strike
0-1: Ball
1-1: Called Strike
1-2: Foul Ball, location: 2F
1-2: Fly out, F8 (Flyball, 8RM, EV 95.6 MPH)
Top of the 5th over - 0 runs, 0 hits, 0 errors, 0 left on base; University of Georgia 2 - University of Maine 0
BOTTOM OF THE 5TH
University of Maine Black Bears batting - Pitching for University of Georgia Bulldogs : LHP Bill McIntyre
Batting: RHB Frank Gould 0-0: Ball
1-0: Ball
2-0: Called Strike
2-1: Foul Ball, location: 2F
2-2: Fly out, F4 (Line Drive, 4M, EV 68.8 MPH)
Batting: RHB Wang Huan 0-0: Ball
1-0: Called Strike
1-1: Ball
2-1: Ball
3-1: Fly out, F7 (Flyball, 78M, EV 93.1 MPH)
Batting: RHB Justin Degon 0-0: Called Strike
0-1: Called Strike
0-2: Ball
1-2: Ground out 4-3 (Groundball, 4, EV 79.4 MPH)
Bottom of the 5th over - 0 runs, 0 hits, 0 errors, 0 left on base; University of Georgia 2 - University of Maine 0
TOP OF THE 6TH
University of Georgia Bulldogs batting - Pitching for University of Maine Black Bears : RHP Noah Johnson
Pitching: RHP Tom Neft
Batting: LHB Casey Bass 0-0: Called Strike
0-1: Ball
1-1: Foul Ball, location: 2F
1-2: Ball
2-2: Foul Ball, location: 2F
2-2: Ball
3-2: Foul Ball, location: 2F
3-2: Foul Ball, location: 2F
3-2: Base on Balls
Batting: RHB Pat Svenson 0-0: Ball
1-0: Called Strike
1-1: Called Strike
1-2: Foul Ball, location: 2F
1-2: Ball
2-2: Strikes out swinging
Batting: RHB Rodolfo Solis 0-0: Ball
1-0: Foul Ball, location: 2F
1-1: Called Strike
Casey Bass is caught stealing 2nd base 2-4
1-2: SINGLE (Groundball, 56D, EV 97.5 MPH)
Batting: LHB Luis Mejia 0-0: Ball
1-0: Ball
2-0: Ball
3-0: Called Strike
3-1: Base on Balls
Rodolfo Solis to second
Batting: RHB Rich Gold 0-0: Called Strike
0-1: SINGLE (Line Drive, 34, EV 98.8 MPH)
Rodolfo Solis to third
Luis Mejia to second
Batting: RHB Ed Howard 0-0: Ball
1-0: Called Strike
1-1: Foul Ball, location: 2F
1-2: Foul Ball, location: 2F
1-2: Ball
2-2: Fly out, F8 (Flyball, 78D, EV 86.9 MPH)
Top of the 6th over - 0 runs, 2 hits, 0 errors, 3 left on base; University of Georgia 2 - University of Maine 0
BOTTOM OF THE 6TH
University of Maine Black Bears batting - Pitching for University of Georgia Bulldogs : LHP Bill McIntyre
Batting: SHB Ron Handford 0-0: Foul Ball, location: 2F
0-1: Ground out 1-3 (Groundball, 13S, EV 66.9 MPH)
Batting: RHB Geoffrey Potter 0-0: Ball
1-0: Called Strike
1-1: Ball
2-1: Ground out 5-3 (Groundball, 56, EV 100.0 MPH)
Batting: RHB Geoffrey Gonzalez 0-0: Called Strike
0-1: Ground out 6-3 (Groundball, 6, EV 85.0 MPH)
Bottom of the 6th over - 0 runs, 0 hits, 0 errors, 0 left on base; University of Georgia 2 - University of Maine 0
TOP OF THE 7TH
University of Georgia Bulldogs batting - Pitching for University of Maine Black Bears : RHP Tom Neft
Pitching: RHP Nick Wagner
Batting: RHB Albert Rodriguez 0-0: Called Strike
0-1: Ball
1-1: Ball
2-1: Ground out U3 (Groundball, 34, EV 101.2 MPH)
Batting: RHB Murilo Cunha 0-0: Called Strike
0-1: SINGLE (Groundball, 4, EV 100.6 MPH)
Batting: LHB Bryan Ross 0-0: Called Strike
Murilo Cunha steals 2nd base (no throw)
0-1: Called Strike
Murilo Cunha steals 3rd base
0-2: Strikes out swinging
Batting: LHB Casey Bass 0-0: Ball
1-0: Ball
Wild Pitch!
Murilo Cunha scores
2-0: Ball
3-0: Called Strike
3-1: Base on Balls
Batting: RHB Pat Svenson 0-0: Swinging Strike
0-1: Swinging Strike
0-2: Strikes out swinging
Top of the 7th over - 1 run, 1 hit, 0 errors, 1 left on base; University of Georgia 3 - University of Maine 0
BOTTOM OF THE 7TH
University of Maine Black Bears batting - Pitching for University of Georgia Bulldogs : LHP Bill McIntyre
Pitching: RHP Jesse Moritz
Batting: LHB Ed Leighton 0-0: Ball
1-0: Ball
2-0: Foul Ball, location: 2F
2-1: Foul Ball, location: 2F
2-2: Fly out, F9 (Flyball, 89M, EV 94.4 MPH)
Batting: RHB Rewa Havika 0-0: Ball
1-0: Ground out 6-3 (Groundball, 6, EV 80.0 MPH)
Batting: LHB John Bergeron 0-0: Called Strike
0-1: Ball
1-1: Called Strike
1-2: Strikes out swinging
Bottom of the 7th over - 0 runs, 0 hits, 0 errors, 0 left on base; University of Georgia 3 - University of Maine 0
TOP OF THE 8TH
University of Georgia Bulldogs batting - Pitching for University of Maine Black Bears : RHP Nick Wagner
Pitching: LHP Mario Valderrama
Batting: RHB Rodolfo Solis 0-0: Ball
1-0: DOUBLE (Line Drive, 9LS, EV 106.9 MPH)
Batting: LHB Luis Mejia 0-0: Ball
1-0: Ground out 4-3 (Groundball, 4D, EV 91.2 MPH)
Rodolfo Solis to third
Batting: RHB Rich Gold 0-0: Ball
1-0: SINGLE (Line Drive, 9S, EV 100.6 MPH)
Rodolfo Solis scores
Batting: RHB Ed Howard 0-0: Ball
1-0: Ball
2-0: Called Strike
2-1: Ball
3-1: Base on Balls
Rich Gold to second
Batting: RHB Albert Rodriguez 0-0: Called Strike
0-1: Ball
1-1: Ball
2-1: Ball
3-1: Base on Balls
Rich Gold to third
Ed Howard to second
Batting: RHB Murilo Cunha 0-0: Called Strike
0-1: SINGLE (Line Drive, 56D, EV 93.8 MPH)
Rich Gold scores
Ed Howard to third
Albert Rodriguez to second
Runner from 3rd tries for Home, throw by LF and OUT! 7-2
Batting: LHB Bryan Ross 0-0: Fielders Choice at 2nd, 5-4 (Groundball, 5L, EV 82.5 MPH)
Top of the 8th over - 2 runs, 3 hits, 0 errors, 2 left on base; University of Georgia 5 - University of Maine 0
BOTTOM OF THE 8TH
University of Maine Black Bears batting - Pitching for University of Georgia Bulldogs : RHP Jesse Moritz
Batting: RHB Frank Gould 0-0: Ball
1-0: Ground out 5-3 (Groundball, 56, EV 100.0 MPH)
Pinch Hitting: LHB John Knox 0-0: Ball
1-0: Ball
2-0: Foul Ball, location: 2F
2-1: Ball
3-1: Called Strike
3-2: Foul Ball, location: 2F
3-2: Base on Balls
Batting: RHB Justin Degon 0-0: Foul Ball, location: 2F
0-1: Ball
1-1: Fly out, F8 (Flyball, 8LD, EV 89.4 MPH)
Batting: SHB Ron Handford 0-0: Called Strike
0-1: Swinging Strike
0-2: Ball
1-2: Foul Ball, location: 2F
1-2: Strikes out swinging
Bottom of the 8th over - 0 runs, 0 hits, 0 errors, 1 left on base; University of Georgia 5 - University of Maine 0
TOP OF THE 9TH
University of Georgia Bulldogs batting - Pitching for University of Maine Black Bears : LHP Mario Valderrama
Now in CF: John Knox
Batting: LHB Casey Bass 0-0: Called Strike
0-1: Ball
1-1: Ball
2-1: Ball
3-1: Foul Ball, location: 2F
3-2: Base on Balls
Pitching: LHP Al Sisneros
Batting: RHB Pat Svenson 0-0: Ball
1-0: Ball
2-0: Ball
3-0: Base on Balls
Casey Bass to second
Batting: RHB Rodolfo Solis 0-0: Ball
1-0: Called Strike
1-1: Foul Ball, location: 2F
1-2: Foul Ball, location: 2F
1-2: Fly out, F9 (Line Drive, 89D, EV 91.2 MPH)
Batting: LHB Luis Mejia 0-0: Foul Ball, location: 2F
0-1: Foul Ball, location: 2F
0-2: Strikes out looking
Batting: RHB Rich Gold 0-0: Ball
1-0: Foul Ball, location: 2F
1-1: Ground out 4-3 (Groundball, 4, EV 85.6 MPH)
Top of the 9th over - 0 runs, 0 hits, 0 errors, 2 left on base; University of Georgia 5 - University of Maine 0
BOTTOM OF THE 9TH
University of Maine Black Bears batting - Pitching for University of Georgia Bulldogs : RHP Jesse Moritz
Pitching: LHP Jon Lucas
Batting: RHB Geoffrey Potter 0-0: Ball
1-0: Swinging Strike
1-1: Fly out, F9 (Line Drive, 9, EV 85.0 MPH)
Batting: RHB Geoffrey Gonzalez 0-0: Ball
1-0: Called Strike
1-1: Called Strike
1-2: Ball
2-2: Ball
3-2: Base on Balls
Batting: LHB Ed Leighton 0-0: Called Strike
0-1: Foul Ball, location: 2F
0-2: Ball
1-2: Ball
2-2: Strikes out swinging
Batting: RHB Rewa Havika 0-0: Ball
1-0: Foul Ball, location: 2F
1-1: Reached on error, E5 (Groundball, 56, EV 88.1 MPH)
Geoffrey Gonzalez to second
Batting: LHB John Bergeron 0-0: Ball
1-0: Swinging Strike
1-1: Called Strike
1-2: Ball
2-2: Strikes out swinging
Bottom of the 9th over - 0 runs, 0 hits, 1 error, 2 left on base; University of Georgia 5 - University of Maine 0
Thursday, December 15th , 2022 - OOTP Baseball 23.9 Build 102